cohdb
Replays
Latest Replays
All Replays
Popular Replays
Top Player Replays
Match Explorer
How It Works
Community
CoH3 Stats
Reddit
Sign in to upload your games and track your stats! →
Sign in with Steam
Match 45098635
Unlisted
Match 45098635
Overview
Messages
Build Orders
End
Scout Squad
Scout Squad
Selects Airborne Battlegroup
Construct Weapon Support Center
M1919 Machine Gun Team
Selects Pathfinders
M1919 Machine Gun Team
Selects Paratrooper Squad Paradrop
Paratrooper Squad Paradrop
Infantry Support Center
Paratrooper Squad Paradrop
Construct Medical Station
Construct Motor Pool
M8 Greyhound Armored Car
Selects Anti-tank Gun Team Paradrop
Paratrooper Squad Paradrop
SoF Ya Nos
S🅱️inalla 🅿️itBox
Zudikas
ValB
0
0
Comments
sign in to comment!
No comments posted yet!